 Dungeon Crawl Stone Soup version 0.24.1-14-gf8d2b509d9 (console) character file.

Game seed: 5339394572384793536, levelgen mode: deterministic

216 Kagalorn the Skirmisher (level 5, 0/47 HPs)
             Began as a Gnoll Wanderer on Aug 17, 2020.
             Was an Initiate of Ru.
             Slain by a two-headed ogre
             ... wielding a +0 giant spiked club
              (30 damage)
             ... on level 3 of the Dungeon.
             The game lasted 00:04:41 (2086 turns).

Kagalorn the Skirmisher (Gnoll Wanderer)            Turns: 2086, Time: 00:04:41

Health: 0/47       AC: 11    Str: 17    XL:     5   Next: 93%
Magic:  7/7        EV:  6    Int: 15    God:    Ru [......]
Gold:   169        SH:  0    Dex: 12    Spells: 7/7 levels left

rFire    . . .     SeeInvis .   a - +0 quarterstaff
rCold    . . .     Gourm    .   (shield currently unavailable)
rNeg     . . .     Faith    .   i - +0 plate armour
rPois    .         Spirit   .   (no helmet)
rElec    .         Reflect  .   r - scarf {repulsion}
rCorr    .         Harm     .   (no gloves)
MR       .....                  (no boots)
Stlth    ..........             (no amulet)
HPRegen  0.15/turn              (no ring)
MPRegen  0.10/turn              (no ring)

@: repel missiles
A: distributed training, fangs 1, strong nose
a: Sacrifice an Eye, Sacrifice Durability, Sacrifice Arcana, Reject Sacrifices,
Renounce Religion


You were on level 3 of the Dungeon.
You worshipped Ru.
Ru was noncommittal.
You were not hungry.

You visited 1 branch of the dungeon, and saw 3 of its levels.

You collected 169 gold pieces.

Inventory:

Hand Weapons
 a - a +0 quarterstaff (weapon)
 b - a +2 hand crossbow
 w - a +0 dagger
Missiles
 c - 46 bolts
 k - 64 stones (quivered)
 s - 14 poisoned darts
 v - 17 arrows
Armour
 i - a +0 plate armour (worn)
 r - a scarf of repulsion (worn)
 u - a cursed +0 robe
Jewellery
 q - a cursed amulet of inaccuracy {unknown}
 x - a +2 ring of strength {unknown}
Scrolls
 f - 2 scrolls of magic mapping {unknown}
 l - a scroll of identify {unknown}
 m - a scroll of blinking {unknown}
 n - 3 scrolls of remove curse {unknown}
 p - 3 scrolls of teleportation {unknown}
Potions
 d - a potion of lignification
 e - 2 potions of invisibility {unknown}
 h - 2 potions of mutation {unknown}
 j - 3 potions of heal wounds {unknown}
 o - a potion of agility {unknown}
 t - a potion of cancellation {unknown}
 z - a potion of might {unknown}
Comestibles
 g - 9 rations


   Skills:
 + Level 6.7 Fighting
 + Level 1.6 Short Blades
 + Level 1.6 Long Blades
 + Level 1.6 Axes
 + Level 1.6 Maces & Flails
 + Level 1.6 Polearms
 + Level 1.6 Staves
 + Level 1.6 Slings
 + Level 1.6 Bows
 + Level 3.1 Crossbows
 + Level 3.1 Throwing
 + Level 3.1 Armour
 + Level 4.8 Dodging
 + Level 4.5 Stealth
 + Level 1.6 Shields
 + Level 1.6 Unarmed Combat
 + Level 1.6 Spellcasting
 + Level 1.3 Conjurations
 + Level 1.3 Hexes
 + Level 1.3 Charms
 + Level 1.3 Summonings
 + Level 1.3 Necromancy
 + Level 1.3 Translocations
 + Level 1.3 Transmutations
 + Level 1.3 Fire Magic
 + Level 1.3 Ice Magic
 + Level 1.3 Air Magic
 + Level 1.3 Earth Magic
 + Level 1.3 Poison Magic
 + Level 1.9 Invocations
 + Level 1.6 Evocations


You had 7 spell levels left.
You didn't know any spells.
Your spell library was empty.

Dungeon Overview and Level Annotations

Branches:
Dungeon (3/15)

Altars:
Fedhas
Ru


Innate Abilities, Weirdness & Mutations

Your experience applies equally to all skills.
You have very sharp teeth.
Your uncanny sense of smell can sniff out nearby items.


Message History

You see here a kobold corpse.
You sock the two-headed ogre!
The two-headed ogre is lightly wounded.
The two-headed ogre hits you with a +0 giant spiked club.
The two-headed ogre hits you with a +0 giant spiked club!
You are too injured to fight recklessly!
You are too injured to fight recklessly!
You are too injured to fight recklessly!
You are too injured to fight recklessly!
You hit the two-headed ogre.
The two-headed ogre is moderately wounded.
The two-headed ogre completely misses you.
The two-headed ogre hits you with a +0 giant spiked club.
You are too injured to fight recklessly!
You hit the two-headed ogre.
You bite the two-headed ogre, but do no damage.
The two-headed ogre is moderately wounded.
The two-headed ogre hits you with a +0 giant spiked club!!
Ouch! That really hurt!
You die...

### #.#########
#..........
####..........
+.##..........
#.##.†........
####+#####.@O..†......#
#..........##.........#
#....#####.##.#########
#....#####.##.###
#...[............#
#....#.######.##.# #..
#.# #.# # #.# #.. #.#


You could see a two-headed ogre.

Vanquished Creatures
  Terence (D:2)
  Natasha (thrice) (D:2)
  4 adders (D:2)
  3 worms
  2 dart slugs
  5 leopard geckos (D:2)
  7 orcs
  A ball python (D:2)
  7 bats
  2 giant cockroaches
  4 goblins
  5 hobgoblins
  7 kobolds
  4 frilled lizards
  7 rats
62 creatures vanquished.

Notes
Turn   | Place    | Note
-------+----------+-------------------------------------------
     0 | D:1      | Kagalorn the Gnoll Wanderer began the quest for the Orb.
     0 | D:1      | Kagalorn set off with the following items: a +2 hand
                  | crossbow, 26 bolts, a +0 quarterstaff, a potion of
                  | lignification, a +0 robe, a +0 dagger, a ration
     0 | D:1      | Reached XP level 1. HP: 23/23 MP: 1/1
   212 | D:1      | Reached XP level 2. HP: 29/29 MP: 2/2
   756 | D:2      | Noticed Natasha
   760 | D:2      | Killed Natasha
   760 | D:2      | Reached skill level 1 in Invocations
   760 | D:2      | Reached XP level 3. HP: 35/35 MP: 2/4
   955 | D:2      | Reached skill level 1 in Short Blades
   955 | D:2      | Reached skill level 1 in Long Blades
   955 | D:2      | Reached skill level 1 in Axes
   955 | D:2      | Reached skill level 1 in Maces & Flails
   955 | D:2      | Reached skill level 1 in Polearms
   955 | D:2      | Reached skill level 1 in Staves
   955 | D:2      | Reached skill level 1 in Slings
   955 | D:2      | Reached skill level 1 in Bows
   955 | D:2      | Reached skill level 1 in Shields
   955 | D:2      | Reached skill level 1 in Unarmed Combat
   955 | D:2      | Reached skill level 1 in Spellcasting
   955 | D:2      | Reached skill level 1 in Evocations
   955 | D:2      | Reached XP level 4. HP: 30/41 MP: 5/5
  1091 | D:2      | Noticed Natasha
  1118 | D:2      | Killed Natasha
  1118 | D:2      | Reached skill level 1 in Conjurations
  1118 | D:2      | Reached skill level 1 in Hexes
  1118 | D:2      | Reached skill level 1 in Charms
  1118 | D:2      | Reached skill level 1 in Summonings
  1118 | D:2      | Reached skill level 1 in Necromancy
  1118 | D:2      | Reached skill level 1 in Translocations
  1118 | D:2      | Reached skill level 1 in Transmutations
  1118 | D:2      | Reached skill level 1 in Fire Magic
  1118 | D:2      | Reached skill level 1 in Ice Magic
  1118 | D:2      | Reached skill level 1 in Air Magic
  1118 | D:2      | Reached skill level 1 in Earth Magic
  1118 | D:2      | Reached skill level 1 in Poison Magic
  1362 | D:2      | Noticed Natasha
  1381 | D:2      | Killed Natasha
  1381 | D:2      | Reached XP level 5. HP: 44/47 MP: 5/7
  1541 | D:2      | Found a faded altar of an unknown god.
  1569 | D:2      | Became a worshipper of Ru the Awakened
  1591 | D:2      | Found a blossoming altar of Fedhas.
  1693 | D:2      | Noticed Terence
  1701 | D:2      | Killed Terence
  2075 | D:3      | Noticed a two-headed ogre
  2086 | D:3      | Slain by a two-headed ogre

Levels and vault maps discovered:
D:1:      dpeg_arrival_boxorama, layout_basic
D:2:      layout_basic, fedhas_altar_1, chequers_ecumenical_altar_simple,
          uniq_natasha, uniq_terence
D:3:      layout_basic, chequers_temple_overflow_minitemple, first_ration

Skill      XL: |  1  2  3  4  5 |
---------------+----------------+-----
Invocations    | 1 |  1.9
Short Blades   | 1 |  1.6
Long Blades    | 1 |  1.6
Axes           | 1 |  1.6
Maces & Flails | 1 |  1.6
Polearms       | 1 |  1.6
Staves         | 1 |  1.6
Slings         | 1 |  1.6
Bows           | 1 |  1.6
Shields        | 1 |  1.6
Unarmed Combat | 1 |  1.6
Spellcasting   | 1 |  1.6
Evocations     | 1 |  1.6
Conjurations   | 1 |  1.3
Hexes          | 1 |  1.3
Charms         | 1 |  1.3
Summonings     | 1 |  1.3
Necromancy     | 1 |  1.3
Translocations | 1 |  1.3
Transmutations | 1 |  1.3
Fire Magic     | 1 |  1.3
Ice Magic      | 1 |  1.3
Air Magic      | 1 |  1.3
Earth Magic    | 1 |  1.3
Poison Magic   | 1 |  1.3
Crossbows      | 3 |  3.1
Throwing       | 3 |  3.1
Armour         | 3 |  3.1
Fighting       | |  6.7
Dodging        | |  4.8
Stealth        | |  4.5

Action                   |  1- 3 |  4- 6 || total
-------------------------+-------+-------++-------
Melee: Quarterstaff      |    68 |   146 ||   214
       Bite              |     4 |    20 ||    24
 Stab: Sleeping          |     1 |       ||     1
  Eat: Chunk             |       |     4 ||     4
Armor: Plate armour      |    44 |   114 ||   158
       Robe              |     3 |       ||     3
Dodge: Dodged            |    23 |    57 ||    80
       Deflected         |       |     3 ||     3
